AoeStats
← Quantum

Arena

504583104Analyzed
2v2 RM · 26d ago on Sep 5, 2026· 69m 28s· 4 players
Game mode
Random Map
Map size
Medium (4 player)
Population
200
Speed
Normal
Resources
Standard
Victory
Conquest
Starting age
Dark Age
Ending age
Imperial Age
RankedLock teamsTeams togetherTeam positionsShared explorationLock speedFull tech treeHidden civsTurbo modeCheats
Victory
Defeat
🇨🇱 Bohemians · Chile
742
+14
🇨🇱 Britons · Chile
527
+22
🇹🇷 Celts · Türkiye
686
-18
🇪🇸 Maya · Spain
684
-18
Quantum
5:19 Loom
11:12 Feudal Age
12:10 Double-Bit Axe
12:06 Horse Collar
18:01 Castle Age
17:52 Stone Mining
17:58 Gold Mining
19:53 Bow Saw
21:09 Bow Saw
22:35 Wheelbarrow
23:50 Gold Shaft Mining
23:07 Town Watch
26:58 Stone Shaft Mining
27:24 Scale Barding Armor
27:31 Forging
27:37 Forging
27:29 Scale Mail Armor
29:38 Hand Cart
35:58 Imperial Age
33:45 Chain Mail Armor
34:06 Iron Casting
35:55 Stronghold
37:42 Furor Celtica
40:10 Plate Mail Armor
40:41 Blast Furnace
41:24 Heavy Scorpion
41:26 Onager
43:24 Capped Ram
Arnau II
0:39 Loom
15:27 Feudal Age
16:00 Horse Collar
16:08 Double-Bit Axe
16:17 Gold Mining
16:19 Stone Mining
16:16 Town Watch
18:01 Wheelbarrow
25:51 Castle Age
27:10 Stone Shaft Mining
29:20 Bow Saw
33:34 Hand Cart
38:32 Town Patrol
40:38 Ballistics
40:17 Murder Holes
40:35 Masonry
42:53 Heavy Plow
44:58 Thumb Ring
44:16 Crossbowman
54:28 Imperial Age
52:02 Hul'che Javelineers
52:21 Padded Archer Armor
52:12 Fletching
54:04 Elite Skirmisher
54:34 Elite Plumed Archer
60:58 Two-Man Saw
albert130893
0:38 Loom
10:29 Feudal Age
10:57 Double-Bit Axe
18:33 Castle Age
20:42 Bow Saw
20:45 Fletching
21:20 Horse Collar
21:48 Town Watch
27:26 Wheelbarrow
35:11 Imperial Age
33:15 Bodkin Arrow
33:21 Scale Mail Armor
35:50 Wagenburg Tactics
36:17 Town Patrol
37:27 Two-Man Saw
37:25 Elite Hussite Wagon
42:32 Murder Holes
43:40 Chemistry
45:02 Ballistics
44:54 Masonry
51:33 Bracer
51:36 Padded Archer Armor
56:12 Forging
56:17 Chain Mail Armor
56:19 Leather Archer Armor
57:05 Light Cavalry
57:47 Husbandry
59:23 Iron Casting
59:18 Plate Mail Armor
59:00 Scale Barding Armor
61:47 Hand Cart
63:44 Spies/Treason
65:45 Siege Engineers
65:21 Treadmill Crane
66:02 Bombard Tower
floresmonserratpaz
22:01 Feudal Age
24:50 Horse Collar
29:18 Castle Age
28:39 Padded Archer Armor
28:30 Fletching
28:47 Scale Barding Armor
31:01 Husbandry
35:27 Crossbowman
36:21 Gold Mining
61:11 Double-Bit Axe
Connection lost

Rejoining the realm…

Still unreachable

The connection could not be restored.

Session expired

The server has moved on; the page needs a fresh start.